cohdb
Replays
Latest Replays
All Replays
Popular Replays
Top Player Replays
Match Explorer
How It Works
Community
CoH3 Stats
Reddit
Sign in to upload your games and track your stats! →
Sign in with Steam
Match 42779444
Unlisted
Match 42779444
Overview
Messages
Build Orders
End
Kradschützen Motorcycle Team
Selects Italian Combined Arms Battlegroup
Selects Italian Combined Arms Battlegroup
Selects Bersaglieri Squad
Bersaglieri Squad
Bersaglieri Squad
Panzergrenadier Squad
Construct Light Support Kompanie
Selects Bersaglieri Bolster
Kimin
matrix4x4
0
0
Comments
sign in to comment!
No comments posted yet!